 Dungeon Crawl Stone Soup version 0.31.0-10-gcf4a605ca0 (webtiles) character file.

Game seed: 7202017913249996370

412 Xavori the Slasher (level 7, -11/52 HPs)
             Began as a Djinni Chaos Knight on Jan 25, 2024.
             Was a Plaything of Xom.
             Blown up by Ijyb (20 damage)
             ... with a mindburst bolt
             ... on level 4 of the Dungeon.
             The game lasted 00:03:51 (11358 turns).

Xavori the Slasher (Djinni Chaos Knight)           Turns: 11358, Time: 00:03:53

Health: -11/52     AC: 10    Str: 11    XL:     7   Next: 14%
Gold:   203        EV: 13    Int: 14    God:    Xom [.*....] SH:  0 Dex: 16

rFire   + + .        a - +0 falchion (chaos)
rCold   x . .        (no shield)
rNeg    + . .        b - +2 leather armour
rPois   ∞            (no helmet)
rElec   .            f - +0 cloak
rCorr   +            l - +2 pair of gloves {infuse}
SInv    .            (boots unavailable)
Will    .....        s - amulet of faith
Stlth   ++           d - ring of positive energy
HPRegen 0.28/turn    p - ring of resist corrosion
MPRegen 0.00/turn

%: faith, infuse magic (-12 HP)
@: flying
A: sickness immunity, fire resistance 2, cold vulnerability 1, float, innate
caster, HP casting, extra vitality 1, thin skeletal structure 1, deterioration
1, shaggy fur 1, wild magic 2
a: Renounce Religion


You were on level 4 of the Dungeon.
You worshipped Xom.
You were a plaything of Xom.
You visited 1 branch of the dungeon, and saw 4 of its levels.

You collected 203 gold pieces.

Inventory:

Hand Weapons
 a - a +0 falchion of chaos (weapon)
Armour
 b - a +2 leather armour (worn)
 f - a +0 cloak (worn)
 l - a +2 pair of gloves of infusion (worn)
Jewellery
 d - a ring of positive energy (left hand)
 k - a ring of wizardry
 p - a ring of resist corrosion (right hand)
 s - an amulet of faith (around neck)
Wands
 t - a wand of paralysis (4)
Scrolls
 c - a scroll of butterflies
 g - 5 scrolls of teleportation
 h - a scroll of torment {unknown}
 j - a scroll of fear {unknown}
 m - 2 scrolls of poison {unknown}
 o - 2 scrolls of identify {unknown}
 q - 4 scrolls of revelation {unknown}
Potions
 e - 3 potions of mutation {unknown}
 i - a potion of cancellation {unknown}
 n - 3 potions of curing {unknown}
 r - a potion of enlightenment {unknown}
 u - a potion of might {unknown}


   Skills:
 + Level 4.0 Fighting
 + Level 4.7 Long Blades
 + Level 3.0 Armour
 + Level 3.6 Dodging
 * Level 1.5 Spellcasting
 * Level 1.5 Conjurations
 * Level 1.5 Hexes
 * Level 1.5 Summonings
 * Level 1.5 Necromancy
 * Level 1.5 Translocations
 * Level 1.5 Fire Magic
 * Level 1.5 Ice Magic
 * Level 1.5 Air Magic
 * Level 1.5 Earth Magic
 * Level 1.5 Alchemy


You knew the following spells:

 Your Spells              Type           Power      Damage    Failure   Level
a - Magic Dart            Conj           32%        1d4       32%         1
b - Scorch                Fire           16%        2d5       43%         2
c - Volatile Blastmotes   Fire/Tloc      16%        2d11      63%         3
Your spell library was empty.

Dungeon Overview and Level Annotations

Branches:
Dungeon (4/15)
 Temple: D:4-7

Altars:
Makhleb
Ru

Shops:
D:4 [

Annotations:
D:4 1 runed translucent door, Crazy Yiuf, Ijyb


Innate Abilities, Weirdness & Mutations

You are immune to sickness and miasma.
You are immune to poison.
Your flesh is very heat resistant. (rF++)
You are vulnerable to cold. (rC-)
You float through the air rather than walking.
You learn spells naturally, not from books.
Your magical power is your life essence.
You have superior vitality. (+4 MHP)
You have a somewhat thin skeletal structure. (Dex +2, Stealth+)
Your body sometimes deteriorates upon taking damage.
You are covered in fur. (AC +1)
Your spells are harder to cast, but more powerful.


Message History

You hit the hobgoblin. You burn the hobgoblin.
You kill the hobgoblin!
Key pressed, stopping explore.
No target in view!
There is an open door here.
There is an open door here.
There is a stone staircase leading up here. "Go forth and redecorate, my child!"
You are now a plaything of Xom.
No target in view!
Key pressed, stopping explore.
No target in view!
No target in view!
Ijyb the Twisted Goblin comes into view.
She is wielding a +0 club and carrying a wand of mindburst.
Found Hadad's Dragon-Slaying Spoils.
Ijyb shouts!
Ijyb is nearby!
Ijyb is nearby!
Ijyb zaps a wand.
Your mind is blasted!
You closely miss Ijyb.
Ijyb zaps a wand.
You struggle to resist.
You barely miss Ijyb.
Ijyb zaps a wand.
Your mind is blasted!
You hit Ijyb.
Ijyb seems to grow stronger.
Ijyb is lightly wounded.
Ijyb zaps a wand.
Your mind is blasted!
You closely miss Ijyb.
Ijyb is lightly wounded.
Ijyb hits you but does no damage.
You hit Ijyb. You burn Ijyb.
Ijyb is moderately wounded.
Ijyb misses you.
You slash Ijyb! You burn Ijyb.
Ijyb is almost dead.
Ijyb hits you but does no damage.
You hit Ijyb but do no damage.
Ijyb is almost dead.
Ijyb zaps a wand.
Your mind is blasted!
* * * LOW HITPOINT WARNING * * *
Ijyb zaps a wand.
Your mind is blasted!
You die...
Xom chuckles heartily!

..##
#.###.##..#
'##
#.....##..##
.#
#######....##
.# #..##..##
.## #..#
##..# ..##
#.. ##..#
...# #.#
#~#.# ...# #.
###.#
...##### #@.#
........
#g..#
)..#####
....## .).#
#....## )###
##⌠∩# )####
### ...<#
.##.# .##.#


You could see Ijyb (strong).

Vanquished Creatures
  A black bear (D:4)
  A jelly (D:4)
  A bombardier beetle (D:4)
  2 hounds (D:4)
  An orc priest (D:4)
  3 gnolls (D:3)
  5 adders
  5 dart slugs
  4 orcs (D:4)
  5 bats
  6 endoplasms
  7 giant cockroaches
  9 goblins
  4 hobgoblins
  4 jackals
  5 quokkas
  6 ball pythons
  6 frilled lizards
  11 kobolds
  5 rats
91 creatures vanquished.

Notes
Turn   | Place    | Note
-------+----------+-------------------------------------------
     0 | D:1      | Xavori the Djinni Chaos Knight began the quest for the Orb.
     0 | D:1      | Reached XP level 1. HP: 20/20 MP: 0/0
    56 | D:1      | Reached XP level 2. HP: 25/25 MP: 0/0
   323 | D:1      | Reached XP level 3. HP: 30/30 MP: 0/0
   323 | D:1      | Learned a level 1 spell: Magic Dart
   469 | D:1      | Found a faded altar of an unknown god.
   628 | D:1      | XOM: silly message
  2495 | D:1      | XOM: silly message
  2636 | D:1      | XOM is BORED!
  2636 | D:1      | XOM: silly message
  3045 | D:1      | XOM is BORED!
  3207 | D:1      | XOM: summons 1 hostile demon
  3336 | D:2      | XOM: god gift: ring of resist corrosion
  3568 | D:1      | XOM: divination: detect creatures
  3590 | D:1      | XOM: god gift: 2 scrolls labelled VALUIP QIEPH {god gift}
  3897 | D:1      | XOM is BORED!
  4104 | D:1      | XOM: silly message
  4371 | D:1      | XOM: noise
  4570 | D:1      | XOM: silly message
  4876 | D:1      | XOM: noise
  4987 | D:1      | XOM: give mutations
  4987 | D:1      | Gained mutation: You sometimes lose your temper in combat.
                  | [Xom's mischief]
  4987 | D:1      | Gained mutation: Your spells are a little harder to cast,
                  | but a little more powerful. [Xom's mischief]
  4987 | D:1      | Gained mutation: Your spells are harder to cast, but more
                  | powerful. [Xom's mischief]
  5255 | D:1      | XOM: give mutation
  5255 | D:1      | Gained mutation: Your body sometimes deteriorates upon
                  | taking damage. [Xom's mischief]
  5454 | D:1      | XOM: stat loss: -1 Str (10/11)
  5584 | D:1      | XOM is BORED!
  5584 | D:1      | XOM: summons 2 hostile demons
  6266 | D:1      | XOM: give mutation
  6266 | D:1      | Gained mutation: You are covered in fur. (AC +1) [Xom's
                  | mischief]
  7902 | D:1      | XOM: silly message
  8398 | D:1      | XOM: give mutations
  8398 | D:1      | Lost mutation: You sometimes lose your temper in combat.
                  | [Xom's grace]
  8398 | D:1      | Gained mutation: You have a somewhat thin skeletal
                  | structure. (Dex +2, Stealth+) [Xom's grace]
  8682 | D:2      | Reached XP level 4. HP: 34/35 MP: 0/0
  8818 | D:2      | XOM: summons 3 hostile demons
  9422 | D:3      | XOM: snakes to sticks
  9426 | D:3      | XOM: confuse monster(s)
  9569 | D:3      | XOM: 4-stop teleportation journey
  9709 | D:3      | Reached XP level 5. HP: 39/40 MP: 0/0
  9709 | D:3      | Learned a level 2 spell: Scorch
  9722 | D:3      | Reached skill level 1 in Spellcasting
  9722 | D:3      | Reached skill level 1 in Conjurations
  9722 | D:3      | Reached skill level 1 in Hexes
  9722 | D:3      | Reached skill level 1 in Summonings
  9722 | D:3      | Reached skill level 1 in Necromancy
  9722 | D:3      | Reached skill level 1 in Translocations
  9722 | D:3      | Reached skill level 1 in Fire Magic
  9722 | D:3      | Reached skill level 1 in Ice Magic
  9722 | D:3      | Reached skill level 1 in Air Magic
  9722 | D:3      | Reached skill level 1 in Earth Magic
  9722 | D:3      | Reached skill level 1 in Alchemy
 10163 | D:3      | XOM: summons 1 hostile shadow creature
 10323 | D:4      | Found a burning altar of Makhleb.
 10399 | D:4      | Reached XP level 6. HP: 37/46 MP: 0/0
 10521 | D:4      | Found a sacrificial altar of Ru.
 10635 | D:4      | Found a runed translucent door.
 10636 | D:4      | Noticed Crazy Yiuf
 10844 | D:4      | Noticed a black bear
 10860 | D:4      | Killed a black bear
 11064 | D:4      | XOM: confusion (+ monsters)
 11071 | D:4      | XOM: cleaving
 11078 | D:4      | Reached XP level 7. HP: 42/51 MP: 0/0
 11078 | D:4      | Learned a level 3 spell: Volatile Blastmotes
 11337 | D:4      | XOM: cloud trail
 11349 | D:4      | Found Hadad's Dragon-Slaying Spoils.
 11349 | D:4      | Noticed Ijyb
 11358 | D:4      | Blown up by Ijyb

Illustrated notes

Levels and vault maps discovered:
D:1:      minmay_arrival_diagonal_passages, layout_basic,
          hellmonk_ecumenical_altar_crossroads, minmay_worlds_worst_comb
D:2:      minmay_chambers_of_ones, layout_rooms
D:3:      layout_basic, mainiacjoe_overflow_alcove_1
D:4:      layout_loops_corners, makhleb_blood_cavern_becter,
          nicolae_ru_the_path_less_chosen, nicolae_shop_dragon_depot,
          uniq_crazy_yiuf_cottage, uniq_ijyb

Skill      XL: |  1  2  3  4  5  6  7 |
---------------+----------------------+-----
Long Blades    | 3 4 |  4.7
Armour         | 2 3 |  3.0
Spellcasting   | 1 |  1.5
Conjurations   | 1 |  1.5
Hexes          | 1 |  1.5
Summonings     | 1 |  1.5
Necromancy     | 1 |  1.5
Translocations | 1 |  1.5
Fire Magic     | 1 |  1.5
Ice Magic      | 1 |  1.5
Air Magic      | 1 |  1.5
Earth Magic    | 1 |  1.5
Alchemy        | 1 |  1.5
Dodging        | 3 |  3.6
Fighting       | 4 |  4.0

Action                     |  1- 3 |  4- 6 |  7- 9 || total
---------------------------+-------+-------+-------++-------
  Melee: Falchion          |   107 |   141 |    18 ||   266
         Punch             |     1 |     2 |       ||     3
    Use: Scroll            |     1 |       |       ||     1
   Stab: Confused          |     1 |     2 |       ||     3
         Sleeping          |       |    11 |     1 ||    12
         Paralysed         |       |     2 |       ||     2
 Armour: Leather armour    |    59 |   104 |     6 ||   169
  Dodge: Dodged            |    60 |    97 |     6 ||   163
